 Dungeon Crawl Stone Soup version 0.31-a0-819-gf6de2f5ab6 (webtiles) character file.

Game seed: 2574805585191134334

527 LeprechaunX the Changeling (level 7, 0/46 HPs)
             Began as an Octopode Shapeshifter on Sept 23, 2023.
             Was an Initiate of Hepliaklqana.
             Slain by Edmund
             ... wielding a +6 flail of protection
              (16 damage)
             ... on level 4 of the Dungeon.
             The game lasted 00:03:39 (2618 turns).

LeprechaunX the Changeling (Octopode Shapeshifter)  Turns: 2618, Time: 00:03:40

Health: 0/46       AC:  1    Str: 15    XL:     7   Next: 23%
Magic:  7/7        EV: 13    Int: 13    God:    Hepliaklqana [......]
Gold:   185        SH:  0    Dex: 11    Spells: 6/6 levels left

rFire   . . .        e - +0 quarterstaff (spect)
rCold   . . .        (shield currently unavailable)
rNeg    . . .        (helmet currently unavailable)
rPois   .            (no amulet)
rElec   .            h - ring of resist corrosion
rCorr   +            (no ring)
SInv    .            (no ring)
Will    .....        (no ring)
Stlth   ++           (no ring)
HPRegen 0.27/turn    (no ring)
MPRegen 0.10/turn    (no ring)
                     (no ring)

%: no passive effects
@: beast-form
A: beast (slay +3), almost no armour, amphibious, 8 rings, camouflage 1,
gelatinous body 1, (nimble swimmer 1), tentacles
a: Begin Untransformation, Renounce Religion


You were on level 4 of the Dungeon.
You worshipped Hepliaklqana.
Hepliaklqana was noncommittal.
You were a hulking beast.
You visited 1 branch of the dungeon, and saw 4 of its levels.

You collected 185 gold pieces.

Inventory:

Hand Weapons
 e - a +0 spectral quarterstaff (weapon)
Missiles
 n - 5 silver javelins
Jewellery
 h - a ring of resist corrosion (left tentacle)
Talismans
 b - a beast talisman (active)
 c - a flux talisman
 m - a talisman of death
Wands
 v - a wand of charming (8)
Scrolls
 d - a scroll of immolation {unknown}
 f - 3 scrolls of teleportation {unknown}
 g - a scroll of noise {unknown}
 i - a scroll of amnesia {unknown}
 k - a scroll of identify {unknown}
 o - a scroll of fear {unknown}
 t - a scroll of acquirement {unknown}
 w - a scroll of revelation {unknown}
Potions
 a - 2 potions of lignification
 j - 2 potions of heal wounds {unknown}
 l - 2 potions of enlightenment {unknown}
 p - a potion of degeneration {unknown}
 q - a potion of cancellation {unknown}
 r - a potion of magic {unknown}
 s - a potion of attraction {unknown}
 u - 2 potions of curing {unknown}


   Skills:
 + Level 3.4 Fighting
 - Level 3.0 Dodging
 + Level 4.6 Unarmed Combat
 * Level 5.4 Shapeshifting


You had 6 spell levels left.
You didn't know any spells.
Your spell library contained the following spells:

 Spells                   Type           Power      Damage    Failure   Level
 Apportation              Tloc           0%         N/A       30%         1
 Jinxbite                 Hex            0%         N/A       43%         2
 Alistair's Intoxication  Tmut/Pois      0%         N/A       100%        5


Dungeon Overview and Level Annotations

Branches:
Dungeon (4/15)
 Temple: D:4-7

Altars:
Hepliaklqana
Ru

Annotations:
D:4 Edmund


Innate Abilities, Weirdness & Mutations

You are a hulking beast.
Your limbs bulge with bestial killing power. (Slay +3)
You cannot wear most types of armour.
You are amphibious.
You can wear up to eight rings at the same time.
Your skin changes colour to match your surroundings (Stealth+).
Your rubbery body absorbs attacks. (AC +1, EV +1)
((You are camouflaged when in or above water. (Stealth+)))
You have tentacles for arms and can constrict up to eight enemies at once.


Message History

Sigmund is nearby!
Sigmund is nearby!
Sigmund is nearby!
The helpless Sigmund fails to defend himself.
You sock Sigmund! You grab Sigmund.
Sigmund is heavily wounded.
Your +0 spectral quarterstaff hits Sigmund.
You constrict Sigmund. Sigmund barely misses you.
You thump Sigmund!
You kill Sigmund!
Your +0 spectral quarterstaff disappears.
You have reached level 7!
Edmund the Younger comes into view.
He is wielding a +6 flail of protection.
Edmund says, "People will remember me!
They'll remember me and die!"
Edmund is nearby!
Edmund is nearby!
Edmund is nearby!
Edmund hits you with a +6 flail of protection!
You hit Edmund. Your grab misses Edmund.
Edmund is lightly wounded.
Your +0 spectral quarterstaff closely misses Edmund.
Edmund hits you with a +6 flail of protection!
You thump Edmund! You grab Edmund.
Edmund is moderately wounded.
Your +0 spectral quarterstaff hits Edmund but does no damage.
You constrict Edmund, but do no damage.
Edmund hits you with a +6 flail of protection!
You are too injured to fight recklessly!
You are too injured to fight recklessly!
You hit Edmund but do no damage.
Edmund is moderately wounded.
Your +0 spectral quarterstaff hits Edmund.
You constrict Edmund. Edmund barely misses you.
You hit Edmund.
Edmund is heavily wounded.
Your +0 spectral quarterstaff hits Edmund.
You constrict Edmund, but do no damage.
Edmund hits you with a +6 flail of protection!
You die...
Edmund says, "That'll show my brother!"

.................# #.........
.................# #.........
.....###......######.........
##....##.....................
#....##......#######..#########
#....##......#)...............#
#O...##......##...........#.).#
.....##......#.........#[##.###
......###..<..#.h######.###..#
....... #.....#.(@.#~........#
#.....#....#~.....#..#
################


You could see Edmund and a friendly +0 spectral quarterstaff.

Vanquished Creatures
  Sigmund (D:4)
  A black bear (D:4)
  A phantom (D:4)
  Natasha (thrice) (D:2)
  Jessica (D:2)
  4 adders
  2 dart slugs
  2 endoplasms
  3 giant cockroaches
  7 goblins
  7 hobgoblins
  3 jackals (D:1)
  9 kobolds
  A quokka (D:2)
  5 ball pythons
  8 bats
  2 frilled lizards
  7 rats
67 creatures vanquished.

Notes
Turn   | Place    | Note
-------+----------+-------------------------------------------
     0 | D:1      | LeprechaunX the Octopode Shapeshifter began the quest for
                  | the Orb.
     0 | D:1      | Reached XP level 1. HP: 13/13 MP: 1/1
    75 | D:1      | Reached XP level 2. HP: 18/18 MP: 2/2
   314 | D:1      | Reached XP level 3. HP: 23/23 MP: 3/3
   579 | D:2      | Noticed Natasha
   585 | D:2      | Killed Natasha
   586 | D:2      | Reached XP level 4. HP: 27/29 MP: 4/4
   625 | D:2      | Found a faded altar of an unknown god.
   714 | D:2      | Noticed Jessica
   719 | D:2      | Killed Jessica
   776 | D:2      | Upgraded the game from 0.31-a0-818-ge7c7cf74f0 to
                  | 0.31-a0-819-gf6de2f5ab6
   852 | D:2      | Noticed Natasha
   856 | D:2      | Killed Natasha
   857 | D:2      | Reached skill level 4 in Shapeshifting
   857 | D:2      | Reached XP level 5. HP: 22/34 MP: 5/5
   917 | D:2      | Noticed Natasha
   923 | D:2      | Killed Natasha
  1584 | D:3      | Found a sacrificial altar of Ru.
  1627 | D:3      | Found a hazy altar of Hepliaklqana.
  2072 | D:3      | Became a worshipper of Hepliaklqana the Forgotten
  2416 | D:4      | Noticed a phantom
  2471 | D:4      | Killed a phantom
  2472 | D:4      | Reached XP level 6. HP: 35/41 MP: 6/6
  2534 | D:4      | Noticed a black bear
  2543 | D:4      | Killed a black bear
  2544 | D:4      | Reached skill level 5 in Shapeshifting
  2589 | D:4      | Noticed Sigmund
  2600 | D:4      | Killed Sigmund
  2601 | D:4      | Reached XP level 7. HP: 46/46 MP: 7/7
  2613 | D:4      | Noticed Edmund
  2618 | D:4      | Slain by Edmund

Illustrated notes

Levels and vault maps discovered:
D:1:      matt_arrival_grand_opening, layout_rooms
D:2:      layout_basic, ebering_ecumenical_altar_box, minmay_hexomino_p4,
          uniq_jessica, uniq_natasha
D:3:      layout_loops_corners, mainiacjoe_overflow_two_lobes,
          nicolae_the_louvre
D:4:      layout_basic, sigmund_edmund_badplayer

Skill      XL: |  1  2  3  4  5  6 |
---------------+-------------------+-----
Fighting       | 2 3 |  3.4
Shapeshifting  | 4 5 |  5.4
Dodging        | 3 |  3.0
Unarmed Combat | 4 |  4.6

Action                     |  1- 3 |  4- 6 |  7- 9 || total
---------------------------+-------+-------+-------++-------
  Melee: Unarmed           |     8 |       |       ||     8
         Constrict         |     7 |    16 |     1 ||    24
         Quarterstaff      |    27 |    56 |     4 ||    87
         Tentacles         |     2 |    10 |       ||    12
         Punch             |     1 |     2 |       ||     3
   Stab: Sleeping          |     2 |     6 |       ||     8
         Distracted        |       |     1 |       ||     1
 Armour: Skin              |    10 |    28 |     4 ||    42
  Dodge: Dodged            |    23 |    27 |     1 ||    51

Table legend: (Time is in decaauts)
 A = Elapsed time spent in this place.
 B = Non-inter-level travel time spent in this place.
 C = Inter-level travel time spent in this place.
 D = Time resting spent in this place.
 E = Time spent auto-exploring this place.
 F = Levels seen in this place.
 G = Mean time per level.
                   A        B        C        D        E       F      G
               +--------+--------+--------+--------+--------+-----+--------+
         Total |   2650 |   2250 |    400 |      0 |   1807 |   4 |  662.5 |
       Dungeon |   2650 |   2250 |    400 |      0 |   1807 |   4 |  662.5 |
               +--------+--------+--------+--------+--------+-----+--------+

Top non-repeatable levels by time:
     D:3: 1185 daAuts
     D:2: 656 daAuts
     D:1: 558 daAuts
     D:4: 250 daAuts
